 Dungeon Crawl Stone Soup version 0.30-a0-782-ge64f9170bb (webtiles) character file.

Game seed: 10731825507569626473

3869 bosbovis the Protected (level 10, 0/77 HPs)
             Began as an Armataur Fighter on Mar 1, 2023.
             Was an Elder of the Shining One.
             Slain by a troll (2 damage)
             ... on level 9 of the Dungeon.
             The game lasted 00:40:51 (8373 turns).

bosbovis the Protected (Armataur Fighter)           Turns: 8373, Time: 00:40:51

Health: 0/77       AC: 15    Str: 24    XL:     10   Next: 0%
Magic:  10/10      EV:  8    Int: 12    God:    the Shining One [****..]
Gold:   458        SH:  5    Dex: 11    Spells: 9/9 levels left

rFire   . . .      SeeInvis .    a - +3 rapier
rCold   + . .      Faith    .    c - +0 buckler
rNeg    + + .      Spirit   .    b - +0 scale mail
rPois   .          Reflect  .    m - +2 helmet {Int+3}
rElec   .          Harm     .    p - +2 cloak
rCorr   .          Roll     +    (no gloves)
Will    .....      Rage     3%   (no barding)
Stlth   +                        (no amulet)
HPRegen 0.32/turn                j - ring of protection from cold
MPRegen 0.12/turn                (no ring)

@: glowing
A: large, rugged brown scales 3, deformed body, armoured tail, roll, long
tongue, awkward tongue, berserk 1, frail 1, screaming 1
a: Renounce Religion, Divine Shield, Cleansing Flame


You were on level 9 of the Dungeon.
You worshipped the Shining One.
The Shining One was greatly pleased with you.
You visited 1 branch of the dungeon, and saw 9 of its levels.

You collected 458 gold pieces.

Inventory:

Hand Weapons
 a - a +3 rapier (weapon)
 v - a +0 short sword of holy wrath
Armour
 b - a +0 scale mail (worn)
 c - a +0 buckler (worn)
 f - a scarf of repulsion
 m - a +2 helmet of intelligence (worn)
 p - a +2 cloak (worn)
 A - a +0 troll leather armour
Jewellery
 j - a ring of protection from cold (left hand)
Wands
 o - a wand of mindburst (15)
 t - a wand of flame (70)
Scrolls
 d - 4 scrolls of noise {unknown}
 e - a scroll of amnesia
 h - a scroll of immolation
 i - 7 scrolls of identify
 k - 3 scrolls of teleportation
 l - a scroll of butterflies {unknown}
 y - 2 scrolls of fear {unknown}
 z - a scroll of fog {unknown}
 B - a scroll of enchant weapon
Potions
 g - 2 potions of heal wounds
 n - 2 potions of curing {unknown}
 q - a potion of resistance {unknown}
 r - 2 potions of ambrosia
 s - a potion of brilliance {unknown}
 u - a potion of flight
 w - a potion of degeneration {unknown}
 x - a potion of might
 C - a potion of cancellation {unknown}
Miscellaneous
 D - a phial of floods


   Skills:
 * Level 4.9 Fighting
 + Level 7.4 Short Blades
 * Level 9.4 Armour
 + Level 2.0 Dodging
 - Level 6.7 Stealth
 * Level 6.9 Shields


You had 9 spell levels left.
You didn't know any spells.
Your spell library contained the following spells:

 Spells                   Type           Power      Damage    Failure   Level
 Apportation              Tloc           0%         N/A       63%         1
 Magic Dart               Conj           0%         1d3       63%         1
 Searing Ray              Conj           0%         2d4       77%         2
 Static Discharge         Conj/Air       0%         2-2/arc   77%         2
 Vhi's Electric Charge    Tloc/Air       0%         N/A       94%         3
 Fulminant Prism          Conj/Hex       0%         3d5       100%        4
 Alistair's Intoxication  Tmut/Pois      0%         N/A       100%        5
 Arcjolt                  Conj/Air       0%         1d10      100%        5
 Lightning Bolt           Conj/Air       0%         1d11      100%        5
 Maxwell's Capacitive Co  Air            0%         ∞         100%        8


Dungeon Overview and Level Annotations

Branches:
Dungeon (9/15)             Temple (0/1) D:7            Lair (0/5) D:8
    Orc: D:9-12

Altars:
Nemelex Xobeh
Xom
Yredelemnul
Zin
The Shining One

Shops:
D:6 *   D:8 (

Annotations:
D:5 2 transporters, 112233's ghost, novice OpAE
D:9 1 transporter, TimeIsEndless's ghost, novice TeHu


Innate Abilities, Weirdness & Mutations

You are completely covered in rugged brown scales. (AC +3, +7% HP)
Armour fits poorly on your strangely shaped body.
You have a long armoured tail.
You roll when moving toward enemies. (Rampage)
Your long tongue fully drains potion bottles. (2x potion effects)
Your tongue gives you trouble enunciating. (1.5x scroll delay)
You sometimes lose your temper in combat.
You are frail. (-10% HP)
You occasionally shout uncontrollably at your foes.


Message History

The troll is lightly wounded.
You barely miss the troll.
The troll is lightly wounded.
The troll bites you but does no damage. You block the troll's attack.
The troll claws you.
You hit the troll.
The troll is moderately wounded.
The troll barely misses you. The troll claws you.
The troll claws you but does no damage.
You hit the troll but do no damage.
The troll is moderately wounded.
The troll bites you!
The troll claws you but does no damage. x2
You hit the troll.
The troll is moderately wounded.
You block the troll's attack. The troll claws you!
You block the troll's attack.
You hit the troll.
The troll is heavily wounded.
The troll barely misses you. The troll claws you. You block the troll's attack.
You hit the troll but do no damage.
You tail-slap the troll, but do no damage.
The troll is moderately wounded.
You hit the troll but do no damage. You tail-slap the troll.
The troll is heavily wounded.
The troll bites you! The troll claws you!
* * * LOW HITPOINT WARNING * * *
The troll claws you!
* * * LOW HITPOINT WARNING * * *
You hit the troll.
The troll is severely wounded.
The troll bites you.
* * * LOW HITPOINT WARNING * * *
The troll claws you!
* * * LOW HITPOINT WARNING * * *
The troll closely misses you.
You hit the troll.
Your tail-slap misses the troll.
The troll is severely wounded.
You block the troll's attack. The troll claws you but does no damage.
The troll claws you.
You die...

##.#. #.# .# .#
#....##.##.##.#
#.............#
#....#..##.#... #
#.............#.#
#..........# .#
#.......##.##.#
#.......).)...#
#...@.####.####
##. ###T######.#
.. ##..#.....#
#.#
#.....###.....#
##.#######.#..##
#####..#
#.......##.#..#
... .#
#.......##...##
#...
#.......##...#
..#..
#............#
.##..#


You could see a troll.

Vanquished Creatures
  A troll (D:7)
  A wyvern (D:8)
  A yak (D:8)
  A basilisk (D:8)
  2 ice beasts (D:5)
  3 black bears
  2 orc warriors
  A sky beast (D:7)
  An ogre (D:5)
  3 centaurs
  2 phantoms
  2 kobold brigands (D:8)
  2 bullfrogs
  5 necrophages
  Blork the orc (D:5)
  3 scorpions
  4 killer bees (D:8)
  4 howler monkeys
  4 hounds
  2 orc priests (D:8)
  3 gnoll boudas
  3 jellies
  2 iguanas (D:7)
  2 orc wizards
  Robin (D:3)
  19 gnolls
  9 adders
  An ufetubus (D:5)
  4 worms
  4 dart slugs
  24 orcs
  6 bats
  5 endoplasms
  A giant cockroach (D:3)
  17 goblins
  13 hobgoblins
  3 jackals (D:4)
  3 quokkas
  6 ball pythons
  3 frilled lizards
  14 kobolds
  6 rats
194 creatures vanquished.

Vanquished Creatures (others)
  A fungus (D:8)
  A plant (D:8)
2 creatures vanquished.

Grand Total: 196 creatures vanquished

Notes
Turn   | Place    | Note
-------+----------+-------------------------------------------
     0 | D:1      | bosbovis the Armataur Fighter began the quest for the Orb.
     0 | D:1      | Reached XP level 1. HP: 19/19 MP: 1/1
   363 | D:1      | Reached XP level 2. HP: 26/26 MP: 2/2
   371 | D:1      | Noticed a great orb of eyes
   372 | D:1      | Found a faded altar of an unknown god.
   376 | D:1      | Noticed a great orb of eyes
   376 | D:1      | Noticed a shining eye
   376 | D:1      | Noticed a floating eye
   381 | D:1      | Prayed at the altar of an unknown god.
   381 | D:1      | Became a worshipper of the Shining One
   381 | D:1      | Reached * piety under the Shining One
   518 | D:1      | Reached skill level 1 in Stealth
   782 | D:2      | Reached XP level 3. HP: 23/32 MP: 3/3
   931 | D:2      | Reached skill level 4 in Armour
  1345 | D:3      | Noticed Robin
  1359 | D:3      | Killed Robin
  1360 | D:3      | Reached XP level 4. HP: 28/39 MP: 4/4
  2276 | D:4      | Reached ** piety under the Shining One
  2291 | D:3      | Reached XP level 5. HP: 48/48 MP: 5/5
  2794 | D:4      | Reached XP level 6. HP: 21/54 MP: 6/6
  2798 | D:4      | Reached skill level 5 in Armour
  3440 | D:4      | Gained mutation: You occasionally shout uncontrollably at
                  | your foes. [potion of mutation]
  3440 | D:4      | Gained mutation: You are frail. (-10% HP) [potion of
                  | mutation]
  3440 | D:4      | Gained mutation: You sometimes lose your temper in combat.
                  | [potion of mutation]
  3440 | D:4      | Gained mutation: You are clumsy. (Dex -2) [potion of
                  | mutation]
  3440 | D:4      | Lost mutation: You are clumsy. (Dex -2) [potion of
                  | mutation]
  3442 | D:5      | Entered Level 5 of the Dungeon
  3717 | D:5      | Found a transporter.
  3719 | D:5      | Noticed 112233's ghost (novice OpAE)
  3782 | D:5      | Reached XP level 7. HP: 45/55 MP: 7/7
  3939 | D:5      | Noticed Blork the orc
  3947 | D:5      | Killed Blork the orc
  3948 | D:5      | Reached skill level 5 in Shields
  4050 | D:5      | Found a transporter.
  4099 | D:5      | Reached skill level 1 in Dodging
  4108 | D:5      | Reached skill level 6 in Armour
  4174 | D:5      | Reached *** piety under the Shining One
  4258 | D:5      | Reached XP level 8. HP: 56/64 MP: 8/8
  4378 | D:5      | Reached skill level 5 in Short Blades
  4764 | D:6      | Reached skill level 5 in Stealth
  4982 | D:6      | Found a large runed translucent door.
  4983 | D:6      | Found a large runed translucent door.
  5023 | D:6      | You fall into a shaft and drop 2 floors!
  5075 | D:8      | Reached skill level 7 in Armour
  5131 | D:8      | Found a sparkling altar of Nemelex Xobeh.
  5832 | D:8      | Reached XP level 9. HP: 40/68 MP: 9/9
  5992 | D:8      | Found a staircase to the Lair.
  6003 | D:8      | Reached skill level 8 in Armour
  6133 | D:8      | Found Ritup's Antique Weapon Boutique.
  6436 | D:6      | Found Qarch's Overcharged Wands.
  6770 | D:6      | Reached skill level 9 in Armour
  6792 | D:6      | Found a basalt altar of Yredelemnul.
  6795 | D:6      | Found a glowing silver altar of Zin.
  7201 | D:7      | Found a staircase to the Ecumenical Temple.
  7216 | D:7      | Noticed a troll
  7228 | D:7      | Killed a troll
  8040 | D:8      | Found a shimmering altar of Xom.
  8250 | D:9      | Found a transporter.
  8250 | D:9      | Noticed TimeIsEndless's ghost (novice TeHu)
  8251 | D:9      | Reached **** piety under the Shining One
  8294 | D:9      | Reached XP level 10. HP: 74/77 MP: 10/10
  8372 | D:9      | HP: 2/77 [troll (8)]
  8373 | D:9      | Slain by a troll

Illustrated notes

Levels and vault maps discovered:
D:1:      psy_arrival_dodecagon, layout_basic,
          hellmonk_ecumenical_altar_watching_god
D:2:      wander_river, layout_rooms, minmay_stone_trees_small,
          grunt_ministairs_6, minmay_door_square, minivault_24
D:3:      layout_loops_ring, minmay_three_crescents, uniq_robin
D:4:      layout_loops_corners, minmay_bisected
D:5:      layout_basic, gammafunk_ghost_mausoleum,
          chequers_serial_rivers_room_a, grunt_tough_drop, uniq_blork_the_orc
D:6:      layout_loops_ring, jmf_multi_god_temple2,
          nicolae_shop_overcharged_wands
D:7:      layout_loops_corners, minmay_temple_entry_tees,
          minmay_misc_feat_pillars
D:8:      layout_basic, mainiacjoe_overflow_24_doors, lemuel_round_altar,
          david_lair_generic, serial_shops, nicolae_shop_hallway_stairs,
          roderic_lattice_a
D:9:      layout_loops_cross, gammafunk_ghost_stat_death

Skill      XL: |  1  2  3  4  5  6  7  8  9 |
---------------+----------------------------+-----
Stealth        | 1 2 3 4 5 6 |  6.7
Short Blades   | 2 3 4 6 7 |  7.4
Armour         | 4 5 6 7 9 |  9.4
Shields        | 4 5 6 |  6.9
Fighting       | 3 4 |  4.9
Dodging        | 1 2 |  2.0

Action                     |  1- 3 |  4- 6 |  7- 9 | 10-12 || total
---------------------------+-------+-------+-------+-------++-------
  Melee: Rapier            |   116 |   214 |   404 |    11 ||   745
         Tailslap          |    16 |    32 |    87 |     2 ||   137
    Use: Scroll            |     3 |     7 |     1 |       ||    11
         Potion            |       |     3 |     1 |       ||     4
 Armour: Scale mail        |    40 |   117 |   154 |     7 ||   318
  Dodge: Dodged            |    19 |    72 |   118 |     5 ||   214
         Repelled          |     2 |       |       |       ||     2
  Block: Buckler           |    18 |    44 |    79 |     6 ||   147

Table legend: (Time is in decaauts)
 A = Elapsed time spent in this place.
 B = Non-inter-level travel time spent in this place.
 C = Inter-level travel time spent in this place.
 D = Time resting spent in this place.
 E = Time spent auto-exploring this place.
 F = Levels seen in this place.
 G = Mean time per level.
                   A        B        C        D        E       F      G
               +--------+--------+--------+--------+--------+-----+--------+
         Total |   8486 |   7626 |    860 |   1082 |   3804 |   9 |  942.9 |
       Dungeon |   8486 |   7626 |    860 |   1082 |   3804 |   9 |  942.9 |
               +--------+--------+--------+--------+--------+-----+--------+

Top non-repeatable levels by time:
     D:8: 1460 daAuts
     D:4: 1288 daAuts
     D:7: 1209 daAuts
     D:3: 1046 daAuts
     D:5: 1020 daAuts
     D:6: 1003 daAuts
     D:2: 737 daAuts
     D:1: 584 daAuts
     D:9: 135 daAuts
